[Event "Czech Open-GM 2022"]
[Site "Pardubice"]
[Date "2022.07.26"]
[Round "5.25"]
[White "Gombocz, Ferenc Jr."]
[Black "Lalic, Bogdan"]
[Result "1/2-1/2"]
[ECO "A46"]
[WhiteElo "2229"]
[BlackElo "2412"]
[Annotator "TA"]
[PlyCount "26"]
[EventDate "2022.07.22"]
[EventType "swiss"]
[EventCountry "CZE"]
[SourceTitle "playchess.com"]
[Source "ChessBase"]
[SourceQuality "1"]
[TimeControl "40/5400+30:1800+30"]

1. d4 Nf6 2. Nf3 e6 3. Bf4 d5 4. e3 Bd6 5. Ne5 O-O 6. Nd2 Nfd7 {[%emt 0:00:45] D02: 1 d4 d5 2 Nf3 sidelines, including 2...Nf6 3 g3 and 2...Nf6 3 Bf4.} 7. Bd3 Nc6 {[%emt 0:01:24] [#]} 8. Nxd7 $146 ({Predecessor:} 8. Nxc6 bxc6 9. Bg3 f5 10. f4 c5 11. c3 cxd4 12. exd4 c5 13. Nf3 Qb6 14. Qe2 cxd4 15. Qxe6+ {0-1 (21) Albert Garrote,A (1825)-Valentin Pascual,C (2114) Benimodo 2017}) 8... Qxd7 9. c3 Qe7 10. Bxd6 {[%emt 0:03:58] The position is equal.} cxd6 11. O-O e5 12. Kh1 f5 13. f4 e4 {[%emt 0:00:07] An even fight not without its subleties.  Weighted Error Value: White=0.02 (flawless) /Black=0.04 (flawless)} 1/2-1/2

[Event "Czech Open-GM 2022"]
[Site "Pardubice"]
[Date "2022.07.26"]
[Round "5.26"]
[White "Jurcik, Marian"]
[Black "Prilleltensky, Matan"]
[Result "1-0"]
[ECO "B42"]
[WhiteElo "2409"]
[BlackElo "2191"]
[Annotator "TA"]
[PlyCount "83"]
[EventDate "2022.07.22"]
[EventType "swiss"]
[EventCountry "CZE"]
[SourceTitle "playchess.com"]
[Source "ChessBase"]
[SourceQuality "1"]
[TimeControl "40/5400+30:1800+30"]

1. e4 c5 2. Nf3 e6 3. d4 cxd4 4. Nxd4 a6 5. Bd3 Bc5 6. Nb3 Ba7 7. Qe2 $1 {[%emt 0:02:46] 7.Qe2 is better than 7.0-0.} Nc6 8. Be3 d6 9. N1d2 {[%emt 0:00:43] B42: Sicilian: Kan Variation: 5 Bd3.} Nf6 10. Bxa7 Rxa7 11. g4 {[%emt 0:01:36][%cal Bg2g4,Bg4g5][%mdl 32] [#] White has an edge.} Qc7 $146 ({Predecessor:} 11... b5 12. f4 Nb4 13. g5 Nd7 14. h4 e5 15. f5 h6 16. Rg1 hxg5 17. hxg5 Qb6 {½-½ (40) Safarli,E (2649)-Kveinys,A (2497) Warsaw 2015}) 12. g5 Nd7 13. c3 b6 14. f4 Bb7 15. Nf3 {[%emt 0:07:50] White is more active.} b5 16. Nbd4 (16. h4 $14) 16... Ra8 17. a3 Nc5 18. Bc2 Rd8 19. Qe3 (19. O-O-O $11) 19... O-O (19... Na5 $1 $15 20. Nd2 Nc4 21. Nxc4 bxc4) 20. O-O-O Nxd4 21. Nxd4 Rfe8 22. Rhe1 e5 23. Nf5 Ne6 24. fxe5 dxe5 25. h4 Nf4 26. Rg1 {[%emt 0:01:05] Against Ng2} Rxd1+ 27. Rxd1 Rd8 28. Rd2 Rxd2 29. Qxd2 Bc6 30. Qe3 {[%emt 0:00:58] Hoping for Qc5.} Qd8 {[%emt 0:01:41] [#]} (30... Be8 $11) 31. b4 (31. Kb1 $1 $16) 31... Bb7 (31... h6 $1 $11 {remains equal.}) 32. Kb2 $40 {[%emt 0:01:00][%mdl 128] White has some attack.} ({White should play} 32. Qa7 $16 Qc7 33. Kb2) 32... Bc8 {[%emt 0:01:32] [#]} (32... h5 $11 {and Black has nothing to worry.}) 33. Qc5 $1 $18 {[%emt 0:00:50] Strongly threatening Ne7+.} Bxf5 34. exf5 {[%emt 0:00:01][%mdl 4096] Endgame KQB-KQN} f6 (34... Nd5 {keeps fighting.} 35. c4 bxc4 36. Qxc4 Nc7) 35. Qc6 fxg5 $2 (35... Kf7 36. Qxa6 Qd7) 36. hxg5 Kf8 37. Qc5+ Qe7 38. Qc8+ Qe8 39. Qxa6 Qd8 (39... Qd7 $142 40. f6 Ne6 41. Qa8+ Kf7) 40. Qxb5 Qd2 41. a4 {[%emt 0:08:05] Black must now prevent Qb8+.} Ne2 42. Qb8+ {[%emt 0:01:59] Weighted Error Value: White=0.21 (precise) /Black=0.71} 1-0

[Event "Czech Open-GM 2022"]
[Site "Pardubice"]
[Date "2022.07.26"]
[Round "5.27"]
[White "Koziorowicz, Michal"]
[Black "Rabatin, Jakub"]
[Result "1/2-1/2"]
[ECO "B30"]
[WhiteElo "2231"]
[BlackElo "2349"]
[Annotator "TA"]
[PlyCount "120"]
[EventDate "2022.07.22"]
[EventType "swiss"]
[EventCountry "CZE"]
[SourceTitle "playchess.com"]
[Source "ChessBase"]
[SourceQuality "1"]
[TimeControl "40/5400+30:1800+30"]

1. e4 c5 2. Nf3 Nc6 3. Bb5 e6 4. O-O Nge7 5. Re1 Nd4 6. Bf1 Nec6 7. c3 Nxf3+ {[%emt 0:00:06] B30: Sicilian: 2...Nc6 3 Bb5, lines without ...g6.} 8. Qxf3 Be7 9. Na3 d5 10. d3 O-O {[%emt 0:00:47] [#]} 11. Bf4 $146 ({Predecessor:} 11. Nc2 d4 12. e5 dxc3 13. bxc3 Qd5 14. Qg3 Rd8 15. Bh6 Bf8 16. Bg5 Re8 17. Re4 {½-½ (29) Bressy,T (2289)-Migot,T (2351) Europe Echecs INT 2020}) 11... a6 12. Nc2 d4 13. g3 (13. cxd4 $11 cxd4 14. e5) 13... e5 $15 14. Bd2 Bg5 15. Qd1 Be6 16. Bg2 Bxd2 17. Qxd2 b5 18. Red1 Qd6 19. f4 f6 20. Qf2 Rab8 21. cxd4 cxd4 22. Qd2 Rfc8 23. Rdc1 b4 24. Ne1 a5 25. Bf3 a4 26. a3 Bb3 27. Bg4 Rc7 28. axb4 $1 Nxb4 29. Rxc7 Qxc7 30. Rc1 Qd6 31. fxe5 fxe5 32. Bd1 h6 (32... Na2 $5 33. Ra1 Qf6 $11) 33. Nf3 Kh7 34. Nh4 Na2 35. Ra1 ({Better is} 35. Rb1 $1 $15) 35... Qb4 $1 $17 36. Qe2 {[%emt 0:00:06] [#]} Bxd1 (36... Nc3 $1 $17 37. bxc3 dxc3) 37. Rxd1 {[%emt 0:00:12] [#]} (37. Qxd1 $11 {was the only way to keep the balance.} Qxb2 38. Qf1) 37... Qxb2 ({Black should play} 37... Nc3 $1 $17 38. bxc3 dxc3) 38. Qf3 $11 Qb6 39. Qf5+ Kg8 $1 40. Rf1 Nc3 41. Qf7+ Kh7 42. Qf5+ Kg8 43. Qd7 $1 Rd8 44. Qf7+ Kh7 45. Qf5+ Kg8 {[%emt 0:00:35][%cal Ob6f6] White must now prevent ...Qf6!} 46. Qxe5 Qd6 $1 ({But not} 46... Ne2+ 47. Kg2 (47. Kf2 Nc1 $11) 47... Qd6 48. Qh5 $14) 47. Qa5 Rf8 48. Nf5 Qd7 49. Qc5 Rf6 50. Re1 ({Not} 50. Nxd4 $2 Qxd4+ $3 51. Qxd4 Ne2+ 52. Kg2 Nxd4 $19) 50... Kh7 $2 (50... Qb7 $11) 51. Nxd4 $16 {[%emt 0:00:00] Strongly threatening e5. White is more active.} Rd6 {[%emt 0:00:34] [#]} 52. Qxc3 (52. e5 $1 $16 Rxd4 53. e6) 52... Rxd4 {[%emt 0:00:01][%mdl 4096] Endgame KQR-KQR} 53. Re3 Qa7 54. Kg2 $1 a3 {[%emt 0:00:21] And now ...Rd6 would win.} 55. Re1 a2 56. Ra1 Ra4 57. e5 (57. Qc2 $11) 57... Qb7+ $17 58. Kf2 Qd5 {[%emt 0:00:36] ...h5 is the strong threat.} 59. d4 (59. Kg1 $17) 59... Rxd4 $2 ({Black should try} 59... Ra7 $19 60. Qc2+ g6) 60. Qc2+ $11 Qe4 {[%emt 0:00:33] White used his chance.  Weighted Error Value: White=0.21 (precise) /Black=0.20 (precise)} 1/2-1/2

[Event "Czech Open-GM 2022"]
[Site "Pardubice"]
[Date "2022.07.26"]
[Round "5.28"]
[White "Delgerdalai, Bayarjavkhlan"]
[Black "Stinka, Jakub"]
[Result "1/2-1/2"]
[ECO "B61"]
[WhiteElo "2209"]
[BlackElo "2335"]
[Annotator "TA"]
[PlyCount "37"]
[EventDate "2022.07.22"]
[EventType "swiss"]
[EventCountry "CZE"]
[SourceTitle "playchess.com"]
[Source "ChessBase"]
[SourceQuality "1"]
[TimeControl "40/5400+30:1800+30"]

1. e4 c5 2. Nf3 d6 3. d4 cxd4 4. Nxd4 Nf6 5. Nc3 Nc6 6. Bg5 Bd7 7. Qd2 Rc8 8. O-O-O Nxd4 9. Qxd4 Qa5 10. Bxf6 gxf6 11. Kb1 {[%emt 0:01:32] B61: Sicilian: Richter-Rauzer: 6...Bd7 7 Qd2.} Bg7 12. f4 Qc5 13. Qd3 (13. f5 $14) 13... f5 $1 $15 14. e5 $1 O-O {[%emt 0:01:31] [#]} 15. Be2 $146 ({Predecessor:} 15. g4 Rfd8 16. gxf5 dxe5 17. f6 exf6 18. fxe5 Bc6 {0-1 (18) Aranovitch,E (2269)-Milov,V (2643) Switzerland 2013}) 15... Be6 (15... Rfd8 $5 16. exd6 Bc6 $11) 16. exd6 ({White should try} 16. g4 $11 fxg4 17. h3 dxe5 18. hxg4) 16... Rfd8 (16... exd6 $15 17. Bf3 (17. Qxd6 $2 Qa5 $19) 17... Bxc3 18. Qxc3 Qxc3 19. bxc3 Rxc3) 17. Qb5 $1 $11 {[%emt 0:13:35] [#] Qxc5 is the strong threat. The position is equal.} ({But not} 17. Qg3 Rxd6 18. Rxd6 Qxd6 $17) 17... exd6 ({Don't take} 17... Bxc3 18. Qxc5 Rxc5 19. dxe7 $14) 18. Qxc5 $1 dxc5 19. Bf3 {[%emt 0:10:17] Weighted Error Value: White=0.22 (precise) /Black=0.10 (very precise)} 1/2-1/2

[Event "Czech Open-GM 2022"]
[Site "Pardubice"]
[Date "2022.07.26"]
[Round "5.29"]
[White "Jares, Michal"]
[Black "Nurkiewicz, Maciej"]
[Result "1/2-1/2"]
[ECO "A46"]
[WhiteElo "2208"]
[BlackElo "2332"]
[Annotator "TA"]
[PlyCount "89"]
[EventDate "2022.07.22"]
[EventType "swiss"]
[EventCountry "CZE"]
[SourceTitle "playchess.com"]
[Source "ChessBase"]
[SourceQuality "1"]
[TimeControl "40/5400+30:1800+30"]

1. d4 Nf6 2. Nf3 e6 3. g3 c5 4. Bg2 cxd4 5. O-O d5 6. b3 Nc6 7. Nxd4 Bc5 8. Bb2 {[%emt 0:01:08] 8.Nxc6 injects fresh life into this line.} Qb6 {[%emt 0:00:26][%cal Rc5d4] D02: 1 d4 d5 2 Nf3 sidelines, including 2...Nf6 3 g3 and 2...Nf6 3 Bf4.} 9. e3 O-O 10. Nf3 Ne4 {[%emt 0:05:36] [#]} 11. Qe2 $146 ({Predecessor:} 11. Nd4 f5 12. Nc3 Qd8 13. Nxe4 fxe4 14. Nxc6 bxc6 15. h4 Ba6 16. Re1 Bb4 17. Qg4 Qe7 18. Red1 {0-1 (24) Djacanin,G-Cabarkapa,V (2225) Arandjelovac 1993}) 11... Rd8 12. Nbd2 Nxd2 13. Qxd2 Bd7 14. Rfd1 Rac8 15. a3 $40 {[%emt 0:01:54][%mdl 128] White has some attack.} Be8 16. Ne5 ({Reject} 16. Qc3 d4 17. exd4 (17. Nxd4 Nxd4 18. exd4 Bxa3 $17) 17... Nxd4 $1 18. Nxd4 Bxd4 19. Qxd4 Rxd4 20. Bxd4 Qc7 $17) 16... Nxe5 17. Bxe5 a5 18. Bc3 Ra8 19. Bd4 a4 20. e4 {[%emt 0:11:11] [#]} (20. c4 $11 {keeps the balance.}) 20... Bc6 ({Much worse is} 20... axb3 $6 21. cxb3 Bc6 22. Bxc5 Qxc5 23. exd5 $11) (20... dxe4 $1 $17 21. Bxc5 Qxc5 22. Qxd8 Rxd8 23. Rxd8 Qe7) 21. exd5 $11 (21. Bxc5 {feels hotter.} Qxc5 22. exd5 axb3 23. cxb3 Bxd5 24. a4) 21... Bxd4 (21... axb3 $11 {remains equal.} 22. cxb3 (22. dxc6 Rxd4 23. Qe1 Rxd1 $17) 22... Bxd5) 22. Qxd4 $16 Qxd4 23. Rxd4 Bxd5 {[%emt 0:05:03] [#]} 24. Rad1 $1 {[%emt 0:05:14] Black must now prevent c4.} Rdc8 (24... axb3 $2 25. c4 $18) 25. Bxd5 exd5 26. Rxd5 {[%emt 0:00:43][%mdl 4096] Endgame KRR-KRR} g6 27. Rb5 {[%emt 0:03:26] White is more active.} ({White should try} 27. bxa4 $14 Rxc2 28. R1d4) 27... Rxc2 $11 28. Rxb7 axb3 29. Rxb3 Ra2 30. Rdd3 h5 31. Rf3 Ra7 {[%emt 0:00:05] Against Rb7} 32. Kg2 Kg7 33. h3 Kg8 34. Rfd3 Kg7 35. g4 hxg4 {[%emt 0:01:18] The position is equal.} 36. hxg4 Ra4 37. Kg3 Ra7 38. f3 g5 39. Rd5 f6 40. Rdd3 Kg6 41. f4 gxf4+ 42. Kxf4 Ra4+ 43. Kf3 Kg5 44. Rb5+ Kg6 45. Rbb3 {[%emt 0:00:49] Weighted Error Value: White=0.13 (very precise) /Black=0.10 (very precise)} 1/2-1/2

[Event "Czech Open-GM 2022"]
[Site "Pardubice"]
[Date "2022.07.26"]
[Round "5.30"]
[White "Mladek, Richard"]
[Black "Levitan, Caleb Levi"]
[Result "1-0"]
[ECO "D31"]
[WhiteElo "2330"]
[BlackElo "1826"]
[Annotator "TA"]
[PlyCount "83"]
[EventDate "2022.07.22"]
[EventType "swiss"]
[EventCountry "CZE"]
[SourceTitle "playchess.com"]
[Source "ChessBase"]
[SourceQuality "1"]
[TimeControl "40/5400+30:1800+30"]

1. d4 d5 2. c4 e6 3. Nc3 a6 4. cxd5 exd5 5. Nf3 Nf6 6. Bg5 {[%emt 0:00:02][%cal Bc1g5,Bg5h4,Bh4g3][%mdl 32] D37: Queen's Gambit Declined: 5 Bf4.} Be6 7. e3 Nbd7 8. Bd3 {[%emt 0:02:31] White has an edge.} Bd6 9. O-O c6 {[%emt 0:00:30] 9...c6 is better than 9...0-0.} 10. Qc2 Qc7 11. Bh4 Bg4 12. Bg3 O-O 13. Rac1 {[%emt 0:07:21] [#]} Rfe8 $146 ({Predecessor:} 13... Bxg3 14. hxg3 Bh5 15. b4 Bg6 16. Bxg6 hxg6 17. a4 Qd6 18. Qb3 Rfc8 19. a5 Rc7 {0-1 (56) Rajesh,V (2378)-Savchenko,B (2576) Madurai 2019}) 14. Rfe1 Bxf3 15. gxf3 Nf8 16. Na4 Ne6 17. Bf1 Rad8 18. b4 h5 (18... Nh5 $11) 19. Qf5 Qe7 20. Nc5 g6 21. Qh3 Nh7 22. Kh1 {[%emt 0:02:30] White is more active.} Bxg3 23. Qxg3 Kg7 24. h4 Nhf8 25. Bd3 Nxc5 26. bxc5 Qf6 {[%emt 0:00:36] White now steadily converts the win.} (26... Qe6 $14) 27. Rb1 Re7 28. f4 Kh7 29. Rg1 Rde8 30. Rg2 Ne6 31. f5 gxf5 (31... Nf8 32. Qh2 Kh8) 32. Qf3 {[%emt 0:02:49] White is clearly winning.} Ng7 33. Rbg1 Rg8 {[%emt 0:00:18] [#]} 34. Bxf5+ $1 {[%emt 0:00:52][%mdl 576] Deflection} Nxf5 (34... Qxf5 35. Rxg7+) 35. Qxh5+ Nh6 36. Rxg8 Re4 37. R1g5 a5 38. a4 {[%emt 0:00:15] [#] And now f3 would win.} Re6 39. f3 Re7 40. R5g7+ Qxg7 41. Rxg7+ Kxg7 42. Qg5+ {[%emt 0:00:05] Weighted Error Value: White=0.11 (very precise) /Black=0.21 (precise)} 1-0

[Event "Czech Open-GM 2022"]
[Site "Pardubice"]
[Date "2022.07.26"]
[Round "5.31"]
[White "Dubinski, Mateusz"]
[Black "Vojta, Jakub"]
[Result "1/2-1/2"]
[ECO "A46"]
[WhiteElo "2206"]
[BlackElo "2326"]
[Annotator "TA"]
[PlyCount "121"]
[EventDate "2022.07.22"]
[EventType "swiss"]
[EventCountry "CZE"]
[SourceTitle "playchess.com"]
[Source "ChessBase"]
[SourceQuality "1"]
[TimeControl "40/5400+30:1800+30"]

1. d4 Nf6 2. Nf3 e6 3. e3 b6 4. Bd3 Bb7 5. O-O c5 6. c4 Be7 {[%emt 0:06:07] 6...cxd4 is more fashionable.} 7. Nc3 d5 8. cxd5 {[%emt 0:02:37] E14: Queen's Indian: Classical Variation (4 e3).} Nxd5 9. Bb5+ Bc6 $1 10. Qa4 Bxb5 (10... Qd7 $5 11. Bxc6 Nxc6 $11) 11. Qxb5+ Qd7 12. Qxd7+ Nxd7 13. Nxd5 exd5 14. dxc5 bxc5 {[%emt 0:00:50] [#]} 15. b3 $146 ({Predecessor:} 15. Rd1 Nb6 16. b3 Bf6 17. Rb1 O-O 18. Bb2 Be7 19. Ne5 Rfc8 20. Rbc1 Rc7 21. Nd3 {1-0 (55) Shahin,W (2109)-Giss,A (2006) Bayern 2015}) 15... Bf6 16. Rb1 Ke7 17. e4 dxe4 18. Re1 Kd6 19. Rxe4 Rhe8 20. Bf4+ Kc6 21. Rc4 Nb6 22. Rc2 Nd5 {[%emt 0:00:05] Inhibits Be3.} 23. Bd2 Kd6 (23... Rac8 $14) 24. Rd1 $16 Rac8 25. Be3 Red8 26. Rdc1 {[%emt 0:03:26] White is more active.} (26. g3 $16) 26... Nxe3 $14 27. fxe3 Kd5 28. Kf2 Rd6 29. Rc4 Ra6 30. R1c2 Bd8 (30... Ke6 $142) 31. Rd2+ $16 Ke6 $2 (31... Kc6 $16) 32. Rdc2 $2 (32. Re4+ $18 Kf6 33. Re8) 32... f6 (32... Kd5 $1 $11 {keeps the balance.}) 33. b4 (33. Nd4+ {seems wilder.} Kd5 34. b4 Ra4 35. Ne2) 33... Ra4 34. Rxc5 Rxc5 35. bxc5 {[%emt 0:00:05][%mdl 4096] Endgame Strongly threatening c6. KRB-KRN} Bc7 36. h3 Kd5 {[%emt 0:00:24] [#]} 37. Nd4 $1 g6 38. g4 a6 (38... Rb4 $14) 39. Ke2 Ra5 40. Kd3 (40. Nb3 $16 Ra4 41. Kf3) 40... Rxc5 $11 {[%emt 0:00:30] The position is equal.} 41. e4+ Kd6 42. Rxc5 Kxc5 {[%emt 0:00:04] KB-KN} 43. Ne6+ Kd6 44. Nxc7 Kxc7 {[%emt 0:00:04] KP-KP} 45. Kd4 Kd6 46. h4 {[%emt 0:09:30] [#] aiming for g5.} h6 {Against g5} 47. a3 a5 {[%emt 0:14:45] White must now prevent ...a4.} 48. a4 Ke6 49. Kc5 Ke5 50. Kb6 Kxe4 51. Kxa5 {[%emt 0:00:05] And now Kb6 would win.} f5 52. gxf5 gxf5 {[%emt 0:00:06] KPP-KPP} 53. Kb6 {[%emt 0:00:42] White wants to mate with a5.} f4 54. a5 {[%emt 0:00:03] a6 would kill now.} f3 55. a6 {[%emt 0:00:03] Intending a7 and mate.} f2 56. a7 f1=Q {[%emt 0:00:06] ( -> ...Qf6+)} 57. a8=Q+ Ke3 58. Qe8+ Kd2 59. Qh5 Qf6+ 60. Kc7 Ke3 61. Qg4 {[%emt 0:01:01] White really could win this.  Weighted Error Value: White=0.12 (very precise) /Black=0.13 (very precise)} 1/2-1/2

[Event "Czech Open-GM 2022"]
[Site "Pardubice"]
[Date "2022.07.26"]
[Round "5.32"]
[White "Taborsky, Rostislav"]
[Black "Sorm, Daniel"]
[Result "0-1"]
[ECO "D30"]
[WhiteElo "2192"]
[BlackElo "2308"]
[Annotator "TA"]
[PlyCount "102"]
[EventDate "2022.07.22"]
[EventType "swiss"]
[EventCountry "CZE"]
[SourceTitle "playchess.com"]
[Source "ChessBase"]
[SourceQuality "1"]
[TimeControl "40/5400+30:1800+30"]

1. d4 d5 2. c4 e6 3. Nf3 Nf6 4. e3 c5 5. Nc3 a6 6. cxd5 exd5 7. Be2 Nc6 8. O-O cxd4 9. Nxd4 Bd6 {[%emt 0:02:27] D32: Tarrasch Defence: Sidelines and lines without g3.} 10. Bf3 Be5 11. b3 O-O {[%emt 0:09:15] The position is equal.} 12. Nce2 {[%emt 0:20:55] [#]} Qd6 $146 ({Predecessor:} 12... Be6 13. Bb2 Qc7 14. g3 Rad8 15. Rc1 Bh3 16. Re1 Rfe8 17. Qc2 Nxd4 18. Bxd4 Qxc2 19. Rxc2 {1-0 (54) Diamant,A (2499)-De Paula,R (2249) Goiania 2016}) 13. h3 Qe7 (13... Re8 $11) 14. Bb2 $14 Bc7 15. Nxc6 bxc6 16. Rc1 Bd7 17. Qd4 Rfe8 18. Rfd1 Rac8 19. Qh4 Be5 20. Bxe5 Qxe5 21. Qf4 Qe7 22. Nc3 Be6 23. e4 (23. Be2 $16) 23... Qb4 24. Qd2 a5 25. exd5 cxd5 26. Qd4 Rc7 27. Ne2 Rec8 (27... Qxd4 $11 {remains equal.} 28. Nxd4 Rec8 29. Rxc7 Rxc7) 28. Rxc7 $16 Rxc7 {[%emt 0:00:03] [#]} 29. Qxb4 $1 axb4 30. Rd4 Rb7 31. Nf4 {[%emt 0:00:19] Against h5} Kf8 32. Nd3 ({Don't blunder} 32. Nxd5 $2 Nxd5 33. Bxd5 Rd7 34. Rxb4 Rxd5 $19) 32... Ke7 33. Rxb4 Ra7 (33... Rxb4 $142 34. Nxb4 Kd6) 34. a4 Kd6 35. Rb6+ Kc7 36. Rb5 Bd7 37. Rc5+ Kd6 38. Rc1 Rb7 39. Nc5 (39. Bd1 $16) 39... Rc7 $1 $11 40. b4 {[%emt 0:00:24] aiming for Ra1.} Bxa4 $1 41. Be2 Nd7 42. Ra1 Bc2 43. Nxd7 Rxd7 {[%emt 0:04:25][%mdl 4096] Endgame KRB-KRB} 44. Rc1 Rc7 45. f4 d4 46. Kf2 Rc3 47. Ke1 Be4 48. Rxc3 dxc3 49. g3 Kd5 {[%emt 0:02:23] And now ...Bc2 would win.} 50. Ba6 $2 (50. Kd1 $17) 50... Kd4 (50... Bc2 $142 {Hoping for ...Bb3.} 51. Ke2 Kd4) 51. Ke2 $2 {[%emt 0:00:18] [#]} (51. Kd1 $19) 51... Bf3+ $1 {[%emt 0:01:38][%mdl 512] Never resign too early!  Weighted Error Value: White=0.28 (precise) /Black=0.15 (very precise)} 0-1

[Event "Czech Open-GM 2022"]
[Site "Pardubice"]
[Date "2022.07.26"]
[Round "5.33"]
[White "Bujnoch, Radek"]
[Black "Mica, Marek"]
[Result "1/2-1/2"]
[ECO "D37"]
[WhiteElo "2191"]
[BlackElo "2304"]
[Annotator "TA"]
[PlyCount "58"]
[EventDate "2022.07.22"]
[EventType "swiss"]
[EventCountry "CZE"]
[SourceTitle "playchess.com"]
[Source "ChessBase"]
[SourceQuality "1"]
[TimeControl "40/5400+30:1800+30"]

1. d4 Nf6 2. c4 e6 3. Nf3 d5 4. Nc3 dxc4 5. e4 b5 6. e5 {[%emt 0:00:48] D24: Queen's Gambit Accepted: 3 Nf3 Nf6 4 Nc3.} Nd5 7. Nxb5 Nb6 8. Be2 {[%emt 0:00:47] White is slightly better.} Be7 9. O-O Nc6 10. Be3 {[%emt 0:00:13] 10.Qd2 is the modern continuation.} O-O 11. Qc1 Rb8 12. Nc3 Bb7 13. Rd1 Nb4 {[%emt 0:02:49] Prevents d5.} 14. a3 {[%emt 0:01:55] [#]} Nc6 $146 {[%emt 0:06:27] [#]} (14... N4d5 $11) ({Predecessor:} 14... N4d5 15. Nd2 Nxe3 16. fxe3 c5 17. Nxc4 Nxc4 18. Bxc4 cxd4 19. exd4 Bg5 20. Qc2 Be3+ {0-1 (27) Zadruzny,N (2280)-Ochsner,B (2496) Kragero 2022}) 15. d5 $1 $16 exd5 {[%emt 0:20:09] Strongly threatening ...Na5.} 16. Bxb6 cxb6 17. Nxd5 {[%emt 0:07:51] Pair of Knights!} (17. Rxd5 $6 Qc8 $14) 17... Qe8 (17... Nxe5 $2 18. Nxe5 Bd6 19. Nxc4 Bxh2+ 20. Kxh2 $18) 18. Qxc4 Bd8 19. Qe4 {[%emt 0:30:50] White is much more active. The black rooks are badly placed.} g6 $2 (19... Ne7 $16) 20. Bc4 Rc8 $2 (20... Kh8 {was necessary.} 21. Qe2 Na5) 21. Ba2 (21. Qf4 $142) 21... Kg7 (21... Nb8 {might work better.} 22. b4 Kh8) 22. Re1 $2 (22. Qe3 $18 {[%cal Od5f6] has better winning chances. Nf6! is the strong threat.} h6 23. Qf4) 22... Ne7 23. Rad1 Rc5 24. b4 $36 {[%emt 0:04:49][%mdl 2048] Black is under strong pressure.} Rxd5 25. Rxd5 (25. Bxd5 Nxd5 26. Rxd5 Qe6 $17) 25... Qa4 {[%emt 0:01:46] [#]} 26. e6 $1 Nxd5 (26... Bxd5 27. Qd4+) 27. Bxd5 Bxd5 28. Qxd5 fxe6 29. Qxe6 ({Much weaker is} 29. Rxe6 Qxa3 30. Qd7+ Kg8 $11) (29. Qc4 $16 {aiming for Nd4.} Bf6 30. Nd4 (30. Qxe6 Qxa3 31. Qc4 Qb2 $11) 30... Bxd4 31. Qxd4+ Kg8 32. h4 (32. Rxe6 Qxa3 33. Rc6 Qb3 $14)) 29... Qxa3 {[%emt 0:00:50] Weighted Error Value: White=0.42/Black=0.26 (precise)} 1/2-1/2

[Event "Czech Open-GM 2022"]
[Site "Pardubice"]
[Date "2022.07.26"]
[Round "5.34"]
[White "Smolik, Jachym"]
[Black "Bokhnak, Timofey"]
[Result "1-0"]
[ECO "D37"]
[WhiteElo "2291"]
[BlackElo "2098"]
[Annotator "TA"]
[PlyCount "57"]
[EventDate "2022.07.22"]
[EventType "swiss"]
[EventCountry "CZE"]
[SourceTitle "playchess.com"]
[Source "ChessBase"]
[SourceQuality "1"]
[TimeControl "40/5400+30:1800+30"]

1. d4 Nf6 2. c4 e6 3. Nc3 d5 4. Nf3 Be7 5. cxd5 exd5 6. Bf4 c6 7. e3 Bf5 8. Nh4 $1 {[%emt 0:02:39][%mdl 4] [#] is currently scoring better than 8.Bd3. D35: Queen's Gambit Declined: Exchange Variation.} Be6 $146 ({Predecessor:} 8... Bg4 9. Qc2 Nbd7 10. h3 Be6 11. Nf3 Nf8 12. Bd3 Ng6 13. Bh2 Nd7 14. O-O O-O 15. Rab1 Re8 {1-0 (39) Maghsoodloo,P (2701)-Adams,M (2698) Germany 2022}) 9. Bd3 Ne4 10. Nf3 {[%emt 0:01:54] White is slightly better.} Nd6 11. O-O Nd7 12. h3 O-O 13. Qc2 h6 14. Ne5 Nf6 15. Na4 Nde4 16. f3 Nd6 17. Nc5 Qc8 (17... Bc8 $1 $14) 18. g4 $18 g5 (18... Re8 $16 {is a better defense.} 19. h4 Bf8) 19. Bg3 h5 (19... Kg7 {might work better.} 20. Qh2 Nfe8) 20. Rf2 {[%emt 0:05:26] h4 is the strong threat.} Kg7 21. Rg2 (21. h4 gxh4 22. Bxh4 Rh8 $18) 21... Rh8 22. Nxe6+ Qxe6 23. Bf5 Nxf5 24. gxf5 Qc8 25. Bh4 Ng4 $2 (25... g4 26. hxg4 hxg4 27. Bxf6+ Bxf6 28. Nxg4 (28. Rxg4+ Kf8 $16) 28... Rh5) 26. hxg4 gxh4 (26... hxg4 $142 27. Bxg5 Bxg5) 27. g5 {[%emt 0:00:19] [#] Black must now prevent f6+.} Bd8 28. f6+ Kf8 29. Qc5+ {[%emt 0:00:11] Weighted Error Value: White=0.23 (precise) /Black=0.78} 1-0